 Dungeon Crawl Stone Soup version 0.28.0-43-g3370ac3207 (webtiles) character file.

Game seed: 10823040358863542388

27 ImHallYall the Grasshopper (level 2, -2/19 HPs)
             Began as a Vampire Warper on Mar 10, 2022.
             Was a Follower of Fedhas.
             Slain by a gnoll
             ... wielding a +0 club
              (8 damage)
             ... on level 3 of the Dungeon on Mar 11, 2022.
             The game lasted 00:13:42 (3252 turns).

ImHallYall the Grasshopper (Vampire Warper)         Turns: 3252, Time: 00:13:43

Health: -2/19      AC:  3    Str: 10    XL:     2   Next: 93%
Magic:  5/5        EV: 12    Int: 15    God:    Fedhas [*.....]
Gold:   66         SH:  0    Dex: 13    Spells: 3/5 levels left

rFire   + . .      SeeInvis +   g - +0 mace
rCold   . . .      Faith    .   (no shield)
rNeg    . . .      Spirit   .   b - +0 leather armour
rPois   .          Reflect  .   (no helmet)
rElec   .          Harm     .   (no cloak)
rCorr   .          Rampage  .   (no gloves)
Will    .....                   (no boots)
Stlth   +.........              (no amulet)
HPRegen 0.26/turn               e - ring of protection from fire
MPRegen 0.09/turn               (no ring)

@: healing quickly
A: alive, fangs 3, see invisible, vampiric 1, [frail 1]
a: Exsanguinate, Renounce Religion


You were on level 3 of the Dungeon.
You worshipped Fedhas.
Fedhas was aware of your devotion.
You visited 1 branch of the dungeon, and saw 3 of its levels.

You collected 66 gold pieces.

Inventory:

Hand Weapons
 a - a +0 short sword
 c - a +0 dagger
 g - a +0 mace (weapon)
 h - a +0 whip
Missiles
 d - 2 boomerangs of dispersal (quivered)
Armour
 b - a +0 leather armour (worn)
Magical Staves
 f - a staff of air
Jewellery
 e - a ring of protection from fire (left hand)
Scrolls
 i - a scroll of magic mapping


   Skills:
 + Level 2.0 Fighting
 + Level 2.5 Short Blades
 + Level 0.3 Maces & Flails
 + Level 0.7 Throwing
 + Level 1.1 Armour
 + Level 2.4 Dodging
 + Level 0.4 Stealth
 + Level 2.1 Spellcasting
 + Level 2.7 Translocations


You had 3 spell levels left.
You knew the following spells:

 Your Spells              Type           Power      Damage    Failure   Level
a - Blink                 Tloc           18%        N/A       16%         2

Your spell library contained the following spells:

 Spells                   Type           Power      Damage    Failure   Level
 Gell's Gravitas          Tloc           9%         N/A       30%         3
 Lesser Beckoning         Tloc           9%         N/A       30%         3
 Teleport Other           Tloc           9%         N/A       30%         3
 Manifold Assault         Tloc           9%         N/A       95%         5


Dungeon Overview and Level Annotations

Branches:
Dungeon (3/15)

Altars:
Fedhas


Innate Abilities, Weirdness & Mutations

Your natural rate of healing is accelerated.
You have razor-sharp teeth.
You have supernaturally acute eyesight. (SInv)
You are afflicted with vampirism.
[You are frail. (-10% HP)]


Message History

You slide downwards.
The hatch slams shut behind you.
A gnoll comes into view. It is wielding a +0 flail.
Throw: 4 boomerangs (disperse)
Press: ? - help, Q - select action, (/) - cycle Shift-Dir - straight line, f - gnoll
Aim: a gnoll, wielding a +0 flail (asleep, 98% to hit)
You throw a boomerang of dispersal.
The boomerang of dispersal hits the gnoll.
The gnoll blinks!
You hear a shout!
A goblin comes into view. It is wielding a +1 dagger of venom.
Found a stone staircase leading down and a stone staircase leading up.
The goblin shouts!
The gnoll shouts!
You hear a shout!
A gnoll comes into view. It is wielding a +0 spear.
A gnoll comes into view. It is wielding a +0 club.
The gnoll shouts!
Throw: 3 boomerangs (disperse)
Press: ? - help, Q - select action, (/) - cycle Shift-Dir - straight line, f - goblin
Aim: a goblin, wielding a +1 dagger of venom (50% to hit)
You throw a boomerang of dispersal.
The boomerang of dispersal barely misses the goblin.
You hit the goblin.
You kill the goblin!
Fedhas appreciates your contribution to the ecosystem.
Things that are here:
a +1 dagger of venom; a goblin corpse You completely miss the gnoll.
The gnoll hits you with a +0 club.
You hit the gnoll. Your punch misses the gnoll.
The gnoll is lightly wounded.
The gnoll closely misses you.
A gnoll comes into view. It is wielding a +0 club.
The gnoll shouts!
You hit the gnoll.
The gnoll is severely wounded.
The gnoll hits you with a +0 club. x2
You barely miss the gnoll.
The gnoll is severely wounded.
The gnoll hits you with a +0 club!
You die...
Fedhas appreciates your contribution to the ecosystem.

..< ... #.# #####
##.###... ... ...
#.# #.#
.g######g###.####
.gg.....ggg@....#
###############.#
.. ##


You could see 4 gnolls.

Vanquished Creatures
  A ball python (D:2)
  5 bats
  2 endoplasms (D:1)
  2 giant cockroaches
  4 goblins
  A hobgoblin (D:1)
  3 kobolds
  A quokka (D:1)
  2 frilled lizards (D:1)
  3 rats (D:2)
24 creatures vanquished.

Notes
Turn   | Place    | Note
-------+----------+-------------------------------------------
     0 | D:1      | ImHallYall the Vampire Warper began the quest for the Orb.
     0 | D:1      | Reached XP level 1. HP: 16/16 MP: 3/3
   478 | D:1      | Reached XP level 2. HP: 17/17 MP: 5/5
  1785 | D:2      | Learned a level 2 spell: Blink
  2038 | D:2      | Found a faded altar of an unknown god.
  2052 | D:2      | Prayed at the altar of an unknown god.
  2052 | D:2      | Became a worshipper of Fedhas Madash
  2052 | D:2      | Reached * piety under Fedhas
  2194 | D:2      | Reached skill level 1 in Armour
  3252 | D:3      | Slain by a gnoll

Illustrated notes

Levels and vault maps discovered:
D:1:      dpeg_arrival_simpleton_c, layout_rooms, hangedman_glass_teeth,
          st_stairs_6, hex_tiny, minmay_split_cup_small
D:2:      layout_loops_corners, basic_ecumenical_altar
D:3:      minmay_spotlight, layout_loops_ring, fedhas_altar_2,
          nzn_wu_jian_council_hall, serial_shops, shop

Skill      XL: |  1  2 |
---------------+-------+-----
Fighting       | 2 |  2.0
Armour         | 1 |  1.1
Short Blades   | |  2.5
Maces & Flails | |  0.3
Throwing       | |  0.7
Dodging        | |  2.4
Stealth        | |  0.4
Spellcasting   | |  2.1
Translocations | |  2.7

Action                   || total
-------------------------++-------
Melee: Short sword       ||    27
       Bite              ||     2
       Mace              ||    50
       Staff             ||     1
Throw: Boomerang         ||     3
 Cast: Blink             ||     2
 Abil: Exsanguinate      ||     1
       Revivify          ||     1
  Use: Scroll            ||     4
 Stab: Sleeping          ||     2
Armor: Leather armour    ||    31
Dodge: Dodged            ||    69
